[ AOE2 MATCH · #478891514 ]
UnrankedRomans vs Bengalis
[ REPLAY ANALYSIS · EXTRACTED FROM THE RECORDED GAME ]
Feudal
12:01
Castle
26:00
Imperial
—
| APM avg | 25.0 |
| APM peak | 45 |
| eAPM avg | 12.8 |
| Villagers / military | 78 / 36 |
Focus
⚔️ 24.4% · 🌾 75.6%
Scorpion ×8 · Scout Cavalry ×8 · Knight ×7 · Militia ×7 · Centurion ×4 · Spearman ×2
Feudal
12:21
Castle
27:43
Imperial
—
| APM avg | 50.0 |
| APM peak | 105 |
| eAPM avg | 22.4 |
| Villagers / military | 75 / 51 |
Focus
⚔️ 30.6% · 🌾 69.4%
Archer ×41 · Battering Ram ×8 · Spearman ×2
Feudal
13:54
Castle
21:35
Imperial
—
| APM avg | 41.5 |
| APM peak | 69 |
| eAPM avg | 25.2 |
| Villagers / military | 119 / 43 |
Focus
⚔️ 24.9% · 🌾 75.1%
Elephant Archer ×32 · Spearman ×7 · Fishing Ship ×4 · Armored Elephant ×3 · Archer ×1
Feudal
11:47
Castle
23:44
Imperial
—
| APM avg | 57.8 |
| APM peak | 87 |
| eAPM avg | 27.9 |
| Villagers / military | 109 / 65 |
Focus
⚔️ 16.7% · 🌾 83.3%
Knight ×54 · Scout Cavalry ×8 · Monk ×3
Feudal
12:10
Castle
27:12
Imperial
—
| APM avg | 35.0 |
| APM peak | 73 |
| eAPM avg | 19.4 |
| Villagers / military | 96 / 69 |
Focus
⚔️ 50.9% · 🌾 49.1%
Archer ×36 · Knight ×26 · Battering Ram ×4 · Militia ×2 · Monk ×1
Feudal
14:23
Castle
19:31
Imperial
—
| APM avg | 33.9 |
| APM peak | 85 |
| eAPM avg | 18.1 |
| Villagers / military | 86 / 19 |
Focus
⚔️ 28.2% · 🌾 71.8%
Knight ×12 · Mangonel ×5 · Scout Cavalry ×2
Feudal
14:53
Castle
20:09
Imperial
—
| APM avg | 46.8 |
| APM peak | 83 |
| eAPM avg | 24.6 |
| Villagers / military | 88 / 25 |
Focus
⚔️ 34.9% · 🌾 65.1%
Plumed Archer ×20 · Eagle Scout ×2 · Battering Ram ×2 · Mangonel ×1
Feudal
12:42
Castle
25:50
Imperial
—
| APM avg | 43.4 |
| APM peak | 356 |
| eAPM avg | 28.2 |
| Villagers / military | 105 / 13 |
Focus
⚔️ 21.7% · 🌾 78.3%
Spearman ×8 · Scout Cavalry ×5
Match map
Initial resources + every placement click. Lines = walls · curves = elevation contours. ◆ gold · ⬟ stone · ● berries · ✦ relic · ◌ wall gap
Your base· Open — unwalled flank
Gomes's base· Open — 7t gap
Fs.Sirius's base· Open — unwalled flank
SS_T3q's base· Open — unwalled flank
SS_Guxta's base· Open — unwalled flank
Shelby Lane's base· Open — unwalled flank
Petry's base· Open — 15t gap
WagneR_JR's base· Open — 9t gap
Smoothed initial terrain · ◌ = detected wall gap · hover for details
Inputs per minute
— SSx_Sinistro - - Gomes
Build order — SSx_Sinistro
First 150 of 201 actions detected
| 0:16 | Build | Town Center |
| 0:56 | Build | House |
| 1:06 | Build | House |
| 1:24 | Build | House |
| 1:38 | Build | House |
| 2:04 | Build | Palisade Wall |
| 2:16 | Build | House |
| 2:50 | Create | Villager (Male) |
| 2:51 | Create | Villager (Male) |
| 2:51 | Create | Villager (Male) |
| 2:51 | Create | Villager (Male) |
| 3:18 | Build | House |
| 3:38 | Research | Loom |
| 4:01 | Build | House |
| 4:04 | Create | Villager (Male) |
| 4:22 | Create | Villager (Male) |
| 4:45 | Create | Villager (Male) |
| 4:47 | Create | Villager (Male) |
| 5:22 | Create | Villager (Male) |
| 6:09 | Create | Villager (Male) |
| 6:24 | Create | Villager (Male) |
| 6:41 | Build | Mill |
| 7:00 | Create | Villager (Male) |
| 7:13 | Build | House |
| 7:20 | Create | Villager (Male) |
| 7:38 | Create | Villager (Male) |
| 8:15 | Create | Villager (Male) |
| 8:18 | Create | Villager (Male) |
| 8:56 | Build | House |
| 8:59 | Build | Lumber Camp |
| 9:13 | Create | Villager (Male) |
| 9:51 | Research | Feudal Age |
| 10:56 | Build | House |
| 11:04 | Build | Palisade Wall |
| 11:06 | Build | Palisade Wall |
| 11:08 | Build | Palisade Wall |
| 11:16 | Build | Palisade Gate |
| 11:24 | Build | Palisade Wall |
| 11:27 | Build | Palisade Wall |
| 11:31 | Build | Palisade Wall |
| 11:43 | Create | Villager (Male) |
| 12:01 | Age | Feudal Age |
| 12:02 | Create | Villager (Male) |
| 12:11 | Build | Barracks |
| 12:39 | Create | Villager (Male) |
| 12:59 | Create | Villager (Male) |
| 13:09 | Build | Stable |
| 13:39 | Build | House |
| 13:43 | Create | Scout Cavalry |
| 13:43 | Create | Scout Cavalry |
| 13:44 | Create | Scout Cavalry |
| 13:52 | Create | Villager (Male) |
| 13:52 | Create | Villager (Male) |
| 13:56 | Build | Mill |
| 14:00 | Research | Double-Bit Axe |
| 14:02 | Create | Scout Cavalry |
| 14:29 | Create | Spearman |
| 14:36 | Create | Villager (Male) |
| 15:09 | Create | Scout Cavalry |
| 15:33 | Create | Villager (Male) |
| 15:34 | Create | Villager (Male) |
| 15:37 | Build | Blacksmith |
| 15:41 | Build | Mining Camp |
| 15:47 | Research | Town Watch |
| 15:48 | Create | Scout Cavalry |
| 15:57 | Create | Spearman |
| 16:30 | Research | Scale Barding Armor |
| 16:55 | Create | Villager (Male) |
| 17:06 | Build | House |
| 17:17 | Create | Scout Cavalry |
| 18:00 | Create | Villager (Male) |
| 18:32 | Research | Wheelbarrow |
| 18:42 | Build | House |
| 18:43 | Build | House |
| 18:43 | Build | House |
| 18:45 | Create | Villager (Male) |
| 19:11 | Build | House |
| 19:11 | Build | House |
| 19:26 | Research | Bloodlines |
| 19:31 | Research | Man-at-Arms (upgrade) |
| 20:22 | Create | Villager (Male) |
| 20:23 | Create | Militia |
| 20:27 | Build | Farm |
| 20:28 | Build | Farm |
| 20:29 | Build | Farm |
| 20:53 | Create | Villager (Male) |
| 20:55 | Create | Villager (Male) |
| 21:03 | Create | Villager (Male) |
| 21:06 | Build | Market |
| 21:11 | Build | Farm |
| 21:12 | Build | Farm |
| 21:13 | Build | Farm |
| 21:16 | Build | Farm |
| 21:24 | Create | Militia |
| 22:49 | Create | Villager (Male) |
| 22:51 | Create | Villager (Male) |
| 23:09 | Build | Farm |
| 23:16 | Build | Mill |
| 23:19 | Research | Castle Age |
| 23:27 | Create | Militia |
| 23:29 | Create | Scout Cavalry |
| 25:02 | Create | Militia |
| 25:03 | Create | Militia |
| 25:05 | Build | Mining Camp |
| 25:12 | Build | Farm |
| 26:00 | Age | Castle Age |
| 26:10 | Research | Hand Cart |
| 26:12 | Create | Knight |
| 26:15 | Research | Long Swordsman (upgrade) |
| 26:16 | Research | Squires |
| 26:33 | Build | Siege Workshop |
| 26:35 | Create | Knight |
| 26:36 | Create | Militia |
| 26:37 | Create | Militia |
| 26:53 | Build | Town Center |
| 26:58 | Create | Villager (Male) |
| 27:19 | Create | Villager (Male) |
| 27:34 | Create | Villager (Male) |
| 27:36 | Create | Scorpion |
| 27:36 | Create | Scorpion |
| 27:39 | Create | Villager (Male) |
| 28:31 | Create | Villager (Male) |
| 28:33 | Create | Knight |
| 28:35 | Create | Scorpion |
| 28:35 | Create | Villager (Male) |
| 28:36 | Create | Villager (Male) |
| 28:41 | Build | Farm |
| 28:49 | Create | Villager (Male) |
| 28:51 | Build | Farm |
| 29:16 | Create | Villager (Male) |
| 29:42 | Create | Villager (Male) |
| 29:45 | Build | Farm |
| 29:46 | Build | Farm |
| 29:47 | Create | Villager (Male) |
| 29:55 | Create | Villager (Male) |
| 31:04 | Create | Villager (Male) |
| 31:04 | Create | Villager (Male) |
| 31:05 | Create | Villager (Male) |
| 31:28 | Create | Villager (Male) |
| 31:29 | Create | Villager (Male) |
| 31:47 | Create | Villager (Male) |
| 31:48 | Create | Villager (Male) |
| 31:50 | Create | Villager (Male) |
| 31:50 | Create | Villager (Male) |
| 32:00 | Build | Castle |
| 32:03 | Create | Scorpion |
| 32:03 | Create | Scorpion |
| 32:04 | Create | Knight |
| 32:05 | Create | Knight |
| 32:06 | Create | Knight |
Build order — Gomes
First 150 of 191 actions detected
| 0:08 | Build | Town Center |
| 1:56 | Build | House |
| 2:32 | Create | Villager (Male) |
| 2:33 | Research | Loom |
| 2:33 | Create | Villager (Male) |
| 2:34 | Create | Villager (Male) |
| 2:37 | Create | Villager (Male) |
| 3:52 | Create | Villager (Male) |
| 4:39 | Create | Villager (Male) |
| 4:44 | Build | House |
| 5:22 | Create | Villager (Male) |
| 5:22 | Create | Villager (Male) |
| 5:27 | Build | House |
| 5:38 | Build | Lumber Camp |
| 5:52 | Create | Villager (Male) |
| 5:52 | Create | Villager (Male) |
| 6:17 | Create | Villager (Male) |
| 6:36 | Create | Villager (Male) |
| 6:58 | Build | House |
| 7:02 | Create | Villager (Male) |
| 7:22 | Create | Villager (Male) |
| 7:28 | Create | Villager (Male) |
| 7:40 | Build | House |
| 8:13 | Create | Villager (Male) |
| 8:22 | Build | Mill |
| 8:39 | Create | Villager (Male) |
| 9:08 | Create | Villager (Male) |
| 9:36 | Create | Villager (Male) |
| 9:36 | Create | Villager (Male) |
| 9:39 | Build | House |
| 10:11 | Research | Feudal Age |
| 10:26 | Build | House |
| 10:28 | Build | Palisade Wall |
| 10:29 | Build | Palisade Wall |
| 10:41 | Build | Palisade Wall |
| 10:44 | Build | Palisade Wall |
| 10:50 | Create | Villager (Male) |
| 11:20 | Build | Barracks |
| 11:35 | Create | Villager (Male) |
| 12:21 | Age | Feudal Age |
| 12:24 | Build | Archery Range |
| 12:43 | Build | Blacksmith |
| 13:12 | Create | Villager (Male) |
| 13:15 | Create | Archer |
| 13:16 | Create | Villager (Male) |
| 13:31 | Research | Fletching |
| 13:32 | Create | Villager (Male) |
| 13:32 | Create | Villager (Male) |
| 13:50 | Build | Archery Range |
| 13:58 | Create | Archer |
| 14:13 | Create | Spearman |
| 14:24 | Build | Watch Tower |
| 14:30 | Create | Archer |
| 14:41 | Build | House |
| 14:52 | Create | Archer |
| 15:09 | Build | House |
| 15:11 | Create | Archer |
| 15:27 | Create | Villager (Male) |
| 15:30 | Create | Villager (Male) |
| 15:38 | Create | Villager (Male) |
| 15:47 | Build | Watch Tower |
| 16:03 | Create | Archer ×2 |
| 16:28 | Build | House |
| 16:46 | Create | Villager (Male) |
| 16:46 | Create | Villager (Male) |
| 16:57 | Create | Archer |
| 16:57 | Create | Archer |
| 17:16 | Create | Villager (Male) |
| 17:24 | Create | Archer |
| 17:39 | Create | Villager (Male) |
| 17:41 | Create | Villager (Male) |
| 17:54 | Create | Villager (Male) |
| 18:11 | Create | Villager (Male) |
| 18:13 | Create | Archer ×2 |
| 18:18 | Build | Mill |
| 18:31 | Create | Villager (Male) |
| 18:42 | Create | Archer |
| 18:53 | Build | House |
| 18:54 | Build | House |
| 18:54 | Build | House |
| 19:08 | Create | Archer |
| 19:14 | Research | Town Watch |
| 19:21 | Create | Archer |
| 19:22 | Create | Villager (Male) |
| 19:37 | Create | Villager (Male) |
| 19:38 | Create | Villager (Male) |
| 20:16 | Create | Villager (Male) |
| 20:23 | Build | Watch Tower |
| 20:28 | Create | Villager (Male) |
| 20:42 | Create | Villager (Male) |
| 20:47 | Build | Market |
| 20:55 | Research | Padded Archer Armor |
| 21:00 | Build | Farm |
| 21:01 | Build | Farm |
| 21:01 | Build | Farm |
| 21:01 | Build | Farm |
| 21:01 | Build | Farm |
| 21:01 | Build | Farm |
| 21:02 | Build | Farm |
| 21:12 | Research | Double-Bit Axe |
| 21:26 | Build | Watch Tower |
| 21:37 | Build | House |
| 21:48 | Create | Villager (Male) |
| 22:03 | Build | House |
| 22:17 | Create | Villager (Male) |
| 22:40 | Create | Villager (Male) |
| 22:50 | Build | Farm |
| 22:50 | Build | Farm |
| 22:51 | Build | Farm |
| 22:51 | Build | Farm |
| 22:52 | Create | Villager (Male) |
| 22:57 | Create | Spearman |
| 23:21 | Build | Palisade Wall |
| 23:23 | Build | Palisade Wall |
| 23:41 | Research | Wheelbarrow |
| 23:49 | Create | Archer |
| 23:52 | Build | House |
| 23:54 | Build | Palisade Wall |
| 24:02 | Build | Palisade Wall |
| 25:03 | Research | Castle Age |
| 25:43 | Create | Archer |
| 25:43 | Create | Archer |
| 25:47 | Create | Villager (Male) |
| 26:21 | Create | Archer |
| 27:13 | Create | Villager (Male) |
| 27:29 | Create | Villager (Male) |
| 27:43 | Age | Castle Age |
| 27:47 | Research | Bodkin Arrow |
| 27:48 | Research | Crossbowman (upgrade) |
| 28:10 | Build | House |
| 28:14 | Create | Villager (Male) |
| 28:27 | Create | Villager (Male) |
| 28:31 | Create | Archer |
| 28:31 | Create | Archer |
| 28:38 | Build | University |
| 28:45 | Build | House |
| 28:48 | Create | Archer |
| 28:49 | Create | Archer |
| 28:49 | Create | Archer |
| 29:03 | Create | Villager (Male) |
| 29:12 | Build | Farm |
| 29:51 | Create | Archer ×3 |
| 29:53 | Create | Villager (Male) |
| 30:03 | Build | Castle |
| 30:06 | Create | Villager (Male) |
| 30:06 | Create | Villager (Male) |
| 31:12 | Create | Villager (Male) |
| 31:13 | Create | Villager (Male) |
| 31:26 | Build | Lumber Camp |
| 31:35 | Create | Villager (Male) |
Build order — Fs.Sirius
First 150 of 294 actions detected
| 0:13 | Build | Town Center |
| 1:38 | Build | House |
| 2:30 | Create | Villager (Male) |
| 2:30 | Create | Villager (Male) |
| 2:30 | Create | Villager (Male) |
| 2:31 | Create | Villager (Male) |
| 2:31 | Create | Villager (Male) |
| 3:27 | Build | Palisade Wall |
| 3:28 | Build | Palisade Wall |
| 3:29 | Build | Palisade Wall |
| 3:31 | Build | Palisade Wall |
| 3:32 | Build | Palisade Wall |
| 3:34 | Create | Villager (Male) |
| 4:15 | Create | Villager (Male) |
| 4:25 | Create | Villager (Male) |
| 4:42 | Create | Villager (Male) |
| 5:00 | Build | House |
| 5:42 | Create | Villager (Male) |
| 6:08 | Create | Villager (Male) |
| 6:08 | Create | Villager (Male) |
| 6:24 | Build | House |
| 6:42 | Build | House |
| 6:49 | Create | Villager (Male) |
| 6:50 | Create | Villager (Male) |
| 6:57 | Build | House |
| 7:05 | Create | Villager (Male) |
| 7:15 | Build | House |
| 7:27 | Build | Mill |
| 7:33 | Build | House |
| 7:55 | Create | Villager (Male) |
| 7:55 | Create | Villager (Male) |
| 8:01 | Create | Villager (Male) |
| 8:21 | Create | Villager (Male) |
| 8:38 | Build | Palisade Wall |
| 9:08 | Create | Villager (Male) |
| 9:13 | Create | Villager (Male) |
| 9:13 | Create | Villager (Male) |
| 9:32 | Build | House |
| 9:42 | Create | Villager (Male) |
| 9:53 | Build | Dock |
| 9:55 | Create | Villager (Male) |
| 9:55 | Create | Villager (Male) |
| 10:06 | Create | Villager (Male) |
| 10:18 | Create | Villager (Male) |
| 10:31 | Create | Villager (Male) |
| 10:31 | Create | Villager (Male) |
| 10:32 | Create | Fishing Ship |
| 10:37 | Create | Villager (Male) |
| 11:03 | Create | Villager (Male) |
| 11:08 | Build | Lumber Camp |
| 11:27 | Create | Fishing Ship |
| 11:28 | Research | Feudal Age |
| 11:32 | Create | Villager (Male) |
| 11:44 | Research | Feudal Age |
| 11:47 | Build | Mining Camp |
| 12:14 | Create | Fishing Ship |
| 12:21 | Build | House |
| 12:35 | Create | Fishing Ship |
| 13:17 | Create | Villager (Male) |
| 13:17 | Create | Villager (Male) |
| 13:54 | Age | Feudal Age |
| 13:58 | Build | Market |
| 14:01 | Build | Blacksmith |
| 14:08 | Create | Villager (Male) |
| 14:28 | Research | Loom |
| 14:49 | Build | House |
| 14:53 | Build | Palisade Wall |
| 14:54 | Build | House |
| 14:57 | Build | Palisade Gate |
| 15:22 | Build | Palisade Wall |
| 15:31 | Build | Farm |
| 15:32 | Build | Farm |
| 15:32 | Build | Farm |
| 15:39 | Create | Villager (Male) |
| 15:39 | Create | Villager (Male) |
| 15:49 | Build | Farm |
| 15:49 | Build | Farm |
| 15:53 | Build | Farm |
| 15:54 | Build | Farm |
| 15:55 | Create | Villager (Male) |
| 16:05 | Build | Palisade Wall |
| 16:15 | Create | Villager (Male) |
| 16:19 | Build | Farm |
| 16:31 | Build | Farm |
| 16:36 | Create | Villager (Male) |
| 16:46 | Create | Villager (Male) |
| 17:15 | Create | Villager (Male) |
| 17:33 | Build | Farm |
| 18:05 | Create | Villager (Male) |
| 18:05 | Create | Villager (Male) |
| 18:21 | Research | Castle Age |
| 18:48 | Build | House |
| 19:09 | Build | Mining Camp |
| 20:34 | Research | Double-Bit Axe |
| 20:48 | Build | House |
| 20:51 | Build | Palisade Wall |
| 21:06 | Build | Farm |
| 21:07 | Build | Farm |
| 21:11 | Create | Villager (Male) |
| 21:35 | Age | Castle Age |
| 21:37 | Create | Villager (Male) |
| 21:37 | Create | Villager (Male) |
| 21:45 | Build | Town Center |
| 21:59 | Build | Palisade Wall |
| 22:00 | Build | Palisade Wall |
| 22:13 | Build | Palisade Wall |
| 22:14 | Build | Palisade Wall |
| 22:24 | Create | Villager (Male) |
| 22:24 | Create | Villager (Male) |
| 22:44 | Build | Barracks |
| 22:48 | Create | Villager (Male) |
| 22:58 | Build | House |
| 23:13 | Research | Bow Saw |
| 23:20 | Create | Villager (Male) |
| 23:20 | Create | Villager (Male) |
| 23:24 | Create | Villager (Male) |
| 23:53 | Build | Archery Range |
| 24:24 | Build | Archery Range |
| 24:26 | Build | House |
| 24:27 | Build | Palisade Wall |
| 24:35 | Build | Palisade Wall |
| 24:37 | Create | Villager (Male) |
| 24:38 | Create | Villager (Male) |
| 24:38 | Create | Villager (Male) |
| 24:46 | Create | Spearman |
| 24:46 | Create | Spearman |
| 24:55 | Build | Palisade Gate |
| 25:00 | Create | Spearman |
| 25:00 | Create | Spearman |
| 25:14 | Create | Spearman |
| 25:22 | Create | Elephant Archer |
| 25:24 | Create | Spearman |
| 25:39 | Create | Spearman |
| 25:44 | Create | Villager (Male) |
| 25:45 | Create | Villager (Male) |
| 26:06 | Build | Fish Trap |
| 26:13 | Build | Farm |
| 26:13 | Build | Farm |
| 26:13 | Build | Farm |
| 26:13 | Build | Farm |
| 26:14 | Build | Farm |
| 26:14 | Build | Farm |
| 26:16 | Create | Villager (Male) |
| 26:28 | Create | Villager (Male) |
| 26:33 | Build | Farm |
| 26:33 | Build | Farm |
| 26:33 | Build | Farm |
| 26:33 | Build | Farm |
| 26:38 | Build | Farm |
| 26:46 | Create | Villager (Male) |
Build order — SS_T3q
First 150 of 325 actions detected
| 0:12 | Build | Town Center |
| 2:03 | Build | House |
| 2:32 | Create | Villager (Male) |
| 2:32 | Create | Villager (Male) |
| 2:32 | Create | Villager (Male) |
| 3:27 | Create | Villager (Male) |
| 3:59 | Create | Villager (Male) |
| 4:32 | Create | Villager (Male) |
| 4:40 | Build | House |
| 4:43 | Build | House |
| 4:55 | Create | Villager (Male) |
| 4:57 | Build | House |
| 5:25 | Create | Villager (Male) |
| 5:45 | Build | Lumber Camp |
| 5:48 | Create | Villager (Male) |
| 6:13 | Create | Villager (Male) |
| 6:27 | Create | Villager (Male) |
| 6:27 | Create | Villager (Male) |
| 6:35 | Build | House |
| 6:46 | Build | House |
| 6:52 | Create | Villager (Male) |
| 7:00 | Build | House |
| 7:10 | Build | House |
| 7:12 | Create | Villager (Male) |
| 8:08 | Create | Villager (Male) |
| 8:30 | Build | Mill |
| 8:32 | Create | Villager (Male) |
| 8:51 | Research | Loom |
| 9:02 | Build | House |
| 9:18 | Build | House |
| 9:31 | Research | Feudal Age |
| 9:50 | Build | House |
| 10:13 | Build | Barracks |
| 10:36 | Build | House |
| 10:52 | Build | House |
| 11:10 | Build | House |
| 11:17 | Create | Villager (Male) |
| 11:45 | Create | Villager (Male) |
| 11:45 | Create | Villager (Male) |
| 11:47 | Age | Feudal Age |
| 11:49 | Build | Stable |
| 12:14 | Build | House |
| 12:17 | Create | Villager (Male) |
| 12:19 | Create | Scout Cavalry |
| 12:19 | Create | Scout Cavalry |
| 12:47 | Build | House |
| 12:50 | Create | Scout Cavalry |
| 12:50 | Create | Villager (Male) |
| 13:09 | Build | Town Center |
| 13:19 | Create | Scout Cavalry |
| 13:26 | Research | Double-Bit Axe |
| 13:27 | Research | Double-Bit Axe |
| 13:38 | Create | Villager (Male) |
| 14:00 | Create | Villager (Male) |
| 14:08 | Create | Scout Cavalry |
| 14:19 | Build | House |
| 14:22 | Create | Villager (Male) |
| 14:51 | Create | Villager (Male) |
| 14:52 | Create | Scout Cavalry |
| 15:02 | Build | House |
| 15:03 | Build | Blacksmith |
| 15:31 | Create | Villager (Male) |
| 15:32 | Create | Scout Cavalry |
| 15:39 | Research | Horse Collar |
| 15:52 | Create | Scout Cavalry |
| 15:56 | Build | Palisade Wall |
| 15:58 | Create | Villager (Male) |
| 16:04 | Build | Farm |
| 16:05 | Build | Farm |
| 16:05 | Build | Farm |
| 16:24 | Create | Villager (Male) |
| 16:42 | Create | Villager (Male) |
| 16:45 | Create | Villager (Male) |
| 17:50 | Create | Villager (Male) |
| 17:51 | Create | Villager (Male) |
| 17:54 | Build | Farm |
| 17:57 | Build | Farm |
| 17:59 | Build | Farm |
| 18:00 | Build | Farm |
| 18:01 | Build | Farm |
| 18:02 | Build | Farm |
| 18:02 | Create | Villager (Male) |
| 18:03 | Create | Villager (Male) |
| 18:04 | Create | Villager (Male) |
| 18:04 | Create | Villager (Male) |
| 18:34 | Build | Mill |
| 18:34 | Create | Villager (Male) |
| 18:35 | Create | Villager (Male) |
| 18:42 | Research | Forging |
| 19:04 | Build | Farm |
| 19:05 | Build | Farm |
| 19:06 | Build | Farm |
| 19:07 | Create | Villager (Male) |
| 19:27 | Create | Villager (Male) |
| 19:28 | Create | Villager (Male) |
| 20:22 | Create | Villager (Male) |
| 20:23 | Create | Villager (Male) |
| 20:44 | Create | Villager (Male) |
| 20:44 | Create | Villager (Male) |
| 21:05 | Research | Castle Age |
| 21:07 | Build | Stable |
| 21:11 | Build | Stable |
| 21:17 | Create | Villager (Male) |
| 21:23 | Build | House |
| 21:25 | Build | House |
| 21:26 | Build | House |
| 21:33 | Research | Scale Barding Armor |
| 21:33 | Research | Scale Barding Armor |
| 22:34 | Create | Villager (Male) |
| 22:35 | Create | Villager (Male) |
| 22:35 | Create | Villager (Male) |
| 22:43 | Build | Farm |
| 22:43 | Build | Farm |
| 22:44 | Build | Farm |
| 22:45 | Build | Farm |
| 22:50 | Build | Mining Camp |
| 22:54 | Research | Bloodlines |
| 23:30 | Build | Farm |
| 23:34 | Build | Farm |
| 23:42 | Create | Villager (Male) |
| 23:44 | Age | Castle Age |
| 23:46 | Create | Knight |
| 23:47 | Create | Knight |
| 23:47 | Create | Knight |
| 24:02 | Create | Villager (Male) |
| 24:03 | Build | Lumber Camp |
| 24:18 | Build | Town Center |
| 24:30 | Create | Villager (Male) |
| 24:31 | Create | Knight |
| 24:32 | Create | Knight |
| 24:32 | Create | Knight |
| 24:36 | Build | Monastery |
| 24:48 | Create | Villager (Male) |
| 24:49 | Create | Villager (Male) |
| 25:17 | Create | Villager (Male) |
| 25:18 | Create | Villager (Male) |
| 25:25 | Create | Monk |
| 25:27 | Build | House |
| 25:29 | Build | House |
| 25:32 | Build | Mining Camp |
| 25:38 | Create | Villager (Male) |
| 25:40 | Build | Farm |
| 25:41 | Build | Farm |
| 25:41 | Build | Farm |
| 25:42 | Build | Farm |
| 25:45 | Create | Villager (Male) |
| 25:45 | Create | Villager (Male) |
| 25:46 | Create | Knight |
| 25:47 | Create | Knight |
| 25:47 | Create | Knight |
Build order — SS_Guxta
First 150 of 245 actions detected
| 1:00 | Build | Town Center |
| 3:07 | Create | Villager (Male) |
| 3:08 | Create | Villager (Male) |
| 3:08 | Create | Villager (Male) |
| 3:08 | Create | Villager (Male) |
| 3:15 | Create | Villager (Male) |
| 3:15 | Create | Villager (Male) |
| 3:18 | Build | House |
| 4:18 | Create | Villager (Male) |
| 4:58 | Create | Villager (Male) |
| 5:15 | Build | House |
| 5:22 | Research | Loom |
| 5:28 | Build | House |
| 5:38 | Create | Villager (Male) |
| 5:41 | Create | Villager (Male) |
| 5:50 | Create | Villager (Male) |
| 5:58 | Build | Lumber Camp |
| 6:08 | Build | House |
| 6:09 | Create | Villager (Male) |
| 6:23 | Create | Villager (Male) |
| 6:42 | Create | Villager (Male) |
| 6:59 | Create | Villager (Male) |
| 8:09 | Build | House |
| 8:16 | Create | Villager (Male) |
| 9:06 | Build | Barracks |
| 9:11 | Create | Villager (Male) |
| 10:01 | Research | Feudal Age |
| 10:14 | Create | Militia |
| 10:39 | Create | Militia |
| 10:51 | Build | House |
| 11:28 | Build | Mining Camp |
| 12:10 | Age | Feudal Age |
| 12:13 | Build | Archery Range |
| 12:20 | Create | Villager (Male) |
| 12:22 | Research | Double-Bit Axe |
| 12:39 | Create | Villager (Male) |
| 12:53 | Build | House |
| 12:53 | Create | Archer |
| 12:59 | Build | Palisade Wall |
| 13:04 | Build | Palisade Wall |
| 13:11 | Create | Villager (Male) |
| 13:36 | Build | Blacksmith |
| 13:44 | Create | Archer |
| 14:04 | Create | Archer |
| 14:26 | Build | House |
| 14:31 | Create | Archer |
| 14:36 | Build | House |
| 14:41 | Create | Archer |
| 14:43 | Create | Villager (Male) |
| 15:04 | Create | Archer |
| 15:22 | Create | Archer |
| 15:29 | Build | Archery Range |
| 15:32 | Create | Archer |
| 15:57 | Create | Archer |
| 15:59 | Create | Villager (Male) |
| 16:03 | Create | Archer |
| 16:10 | Build | House |
| 16:15 | Create | Archer |
| 16:26 | Create | Archer |
| 16:49 | Create | Archer |
| 16:54 | Create | Villager (Male) |
| 16:56 | Create | Villager (Male) |
| 17:02 | Build | Mill |
| 17:20 | Create | Archer |
| 17:22 | Build | House |
| 17:43 | Create | Archer |
| 17:44 | Create | Archer |
| 18:08 | Build | Market |
| 18:09 | Research | Fletching |
| 18:10 | Create | Archer |
| 18:36 | Create | Archer |
| 18:37 | Create | Villager (Male) |
| 18:56 | Create | Villager (Male) |
| 19:00 | Create | Villager (Male) |
| 19:02 | Create | Archer |
| 19:03 | Create | Archer |
| 19:26 | Create | Archer |
| 19:27 | Create | Villager (Male) |
| 19:33 | Create | Archer |
| 19:43 | Build | House |
| 19:44 | Build | Palisade Wall |
| 19:46 | Build | House |
| 19:48 | Build | Palisade Wall |
| 19:57 | Create | Villager (Male) |
| 19:58 | Create | Archer |
| 20:17 | Create | Villager (Male) |
| 20:23 | Create | Archer |
| 20:24 | Create | Villager (Male) |
| 20:32 | Create | Archer |
| 20:34 | Create | Villager (Male) |
| 20:36 | Build | Farm |
| 20:37 | Build | Farm |
| 20:59 | Create | Archer |
| 21:07 | Create | Villager (Male) |
| 21:10 | Create | Archer |
| 21:12 | Build | Farm |
| 21:13 | Build | Farm |
| 21:14 | Create | Villager (Male) |
| 21:17 | Build | House |
| 21:32 | Create | Archer |
| 21:35 | Build | Farm |
| 21:37 | Create | Villager (Male) |
| 21:37 | Create | Archer |
| 22:03 | Create | Archer |
| 22:05 | Create | Villager (Male) |
| 22:13 | Build | Farm |
| 22:20 | Build | House |
| 22:26 | Create | Archer |
| 22:28 | Create | Villager (Male) |
| 22:41 | Create | Archer |
| 22:50 | Create | Villager (Male) |
| 22:52 | Build | Farm |
| 22:53 | Build | Farm |
| 22:57 | Create | Archer |
| 23:31 | Create | Archer |
| 23:44 | Create | Archer |
| 24:24 | Build | Mill |
| 24:32 | Research | Castle Age |
| 24:41 | Build | House |
| 24:49 | Create | Archer |
| 24:57 | Build | House |
| 25:02 | Build | House |
| 25:08 | Build | House |
| 25:11 | Build | Palisade Wall |
| 25:31 | Build | Stable |
| 25:32 | Research | Scale Barding Armor |
| 25:42 | Build | House |
| 26:15 | Research | Bloodlines |
| 26:35 | Create | Villager (Male) |
| 27:12 | Age | Castle Age |
| 27:13 | Create | Knight |
| 27:14 | Create | Knight |
| 27:23 | Build | Town Center |
| 27:24 | Create | Knight |
| 27:30 | Create | Villager (Male) |
| 27:33 | Create | Knight |
| 27:47 | Create | Villager (Male) |
| 27:49 | Create | Knight |
| 27:50 | Create | Villager (Male) |
| 27:54 | Build | House |
| 28:01 | Research | Chain Barding Armor |
| 28:08 | Research | Horse Collar |
| 28:13 | Create | Villager (Male) |
| 28:17 | Create | Villager (Male) |
| 28:33 | Build | Town Center |
| 28:34 | Create | Villager (Male) |
| 28:39 | Create | Knight |
| 28:45 | Research | Town Watch |
| 28:46 | Create | Villager (Male) |
| 28:46 | Create | Knight |
Build order — Shelby Lane
First 150 of 166 actions detected
| 0:44 | Build | Town Center |
| 1:59 | Build | House |
| 3:00 | Create | Villager (Male) |
| 3:01 | Create | Villager (Male) |
| 3:03 | Create | Villager (Male) |
| 4:00 | Create | Villager (Male) |
| 4:05 | Build | House |
| 4:14 | Research | Loom |
| 4:20 | Build | House |
| 4:37 | Create | Villager (Male) |
| 4:39 | Build | House |
| 4:47 | Build | House |
| 5:03 | Build | House |
| 5:05 | Build | Lumber Camp |
| 5:07 | Create | Villager (Male) |
| 5:22 | Create | Villager (Male) |
| 5:38 | Build | House |
| 5:57 | Create | Villager (Male) |
| 6:05 | Create | Villager (Male) |
| 6:32 | Create | Villager (Male) |
| 6:36 | Build | House |
| 6:52 | Build | House |
| 7:09 | Create | Villager (Male) |
| 7:14 | Create | Villager (Male) |
| 7:18 | Build | House |
| 7:19 | Build | House |
| 7:39 | Create | Villager (Male) |
| 8:09 | Create | Villager (Male) |
| 8:46 | Create | Villager (Male) |
| 9:06 | Create | Villager (Male) |
| 9:27 | Create | Villager (Male) |
| 9:45 | Build | House |
| 9:56 | Build | Mill |
| 10:04 | Create | Villager (Male) |
| 10:05 | Create | Villager (Male) |
| 10:11 | Build | House |
| 10:29 | Build | House |
| 10:53 | Create | Villager (Male) |
| 11:06 | Create | Villager (Male) |
| 11:22 | Build | Barracks |
| 11:27 | Build | House |
| 11:44 | Create | Villager (Male) |
| 12:07 | Research | Feudal Age |
| 13:37 | Create | Villager (Male) |
| 14:23 | Age | Feudal Age |
| 14:24 | Build | House |
| 14:39 | Build | Watch Tower |
| 14:46 | Create | Villager (Male) |
| 14:58 | Build | Stable |
| 15:31 | Create | Villager (Male) |
| 15:55 | Create | Villager (Male) |
| 16:07 | Build | Archery Range |
| 16:26 | Create | Villager (Male) |
| 16:51 | Research | Castle Age |
| 17:09 | Create | Scout Cavalry |
| 17:30 | Create | Scout Cavalry |
| 17:42 | Build | Lumber Camp |
| 19:22 | Build | Mill |
| 19:30 | Create | Villager (Male) |
| 19:31 | Age | Castle Age |
| 19:32 | Create | Knight |
| 19:38 | Create | Villager (Male) |
| 19:52 | Create | Knight |
| 20:18 | Create | Villager (Male) |
| 20:22 | Create | Knight |
| 20:29 | Create | Villager (Male) |
| 20:49 | Create | Knight |
| 21:07 | Create | Villager (Male) |
| 21:28 | Create | Villager (Male) |
| 21:46 | Build | Market |
| 21:54 | Create | Villager (Male) |
| 22:19 | Create | Villager (Male) |
| 22:28 | Create | Villager (Male) |
| 22:43 | Build | Blacksmith |
| 22:46 | Create | Villager (Male) |
| 22:54 | Research | Double-Bit Axe |
| 23:12 | Build | Siege Workshop |
| 23:18 | Create | Villager (Male) |
| 23:23 | Research | Scale Barding Armor |
| 23:38 | Create | Villager (Male) |
| 23:53 | Create | Mangonel |
| 23:57 | Create | Villager (Male) |
| 24:07 | Build | Town Center |
| 24:34 | Research | Bloodlines |
| 24:36 | Create | Villager (Male) |
| 24:56 | Create | Mangonel |
| 25:12 | Create | Villager (Male) |
| 25:52 | Create | Villager (Male) |
| 25:52 | Create | Villager (Male) |
| 25:53 | Create | Villager (Male) |
| 26:14 | Build | Mining Camp |
| 26:21 | Create | Knight |
| 26:23 | Create | Villager (Male) |
| 26:27 | Create | Knight |
| 26:43 | Create | Knight |
| 26:44 | Create | Villager (Male) |
| 26:44 | Create | Villager (Male) |
| 27:04 | Create | Villager (Male) |
| 27:06 | Create | Mangonel |
| 27:15 | Create | Villager (Male) |
| 27:17 | Create | Villager (Male) |
| 27:31 | Create | Villager (Male) |
| 27:34 | Create | Villager (Male) |
| 27:44 | Build | House |
| 28:05 | Build | House |
| 28:15 | Research | Forging |
| 28:16 | Create | Villager (Male) |
| 28:31 | Build | House |
| 28:34 | Create | Villager (Male) |
| 28:40 | Create | Villager (Male) |
| 28:41 | Create | Villager (Male) |
| 28:42 | Create | Knight |
| 28:59 | Create | Villager (Male) |
| 29:07 | Build | Farm |
| 29:07 | Build | Farm |
| 29:07 | Build | Farm |
| 29:08 | Build | Farm |
| 29:08 | Build | Farm |
| 29:08 | Build | Farm |
| 29:13 | Create | Villager (Male) |
| 29:14 | Create | Mangonel |
| 29:15 | Create | Villager (Male) |
| 29:19 | Build | House |
| 29:20 | Build | House |
| 29:34 | Build | Town Center |
| 29:38 | Research | Horse Collar |
| 29:48 | Create | Villager (Male) |
| 29:48 | Create | Villager (Male) |
| 30:04 | Create | Villager (Male) |
| 30:06 | Create | Villager (Male) |
| 30:18 | Create | Knight |
| 30:27 | Build | Watch Tower |
| 30:31 | Create | Mangonel |
| 31:19 | Create | Villager (Male) |
| 31:26 | Build | Town Center |
| 31:32 | Create | Villager (Male) |
| 31:33 | Create | Villager (Male) |
| 31:35 | Research | Wheelbarrow |
| 31:38 | Build | Mill |
| 31:47 | Create | Villager (Male) |
| 31:49 | Create | Knight |
| 32:49 | Create | Villager (Male) |
| 32:52 | Create | Villager (Male) |
| 33:04 | Build | Farm |
| 33:05 | Build | Farm |
| 33:06 | Build | Farm |
| 33:06 | Build | Farm |
| 33:06 | Build | Farm |
| 33:06 | Build | Farm |
| 33:10 | Create | Villager (Male) |
Build order — Petry
First 150 of 190 actions detected
| 0:08 | Build | Town Center |
| 1:54 | Build | House |
| 2:10 | Build | House |
| 2:21 | Build | House |
| 2:33 | Build | House |
| 2:40 | Research | Loom |
| 2:41 | Create | Villager (Male) |
| 2:41 | Create | Villager (Male) |
| 2:41 | Create | Villager (Male) |
| 3:03 | Build | House |
| 4:15 | Create | Villager (Male) |
| 4:41 | Create | Villager (Male) |
| 4:59 | Create | Villager (Male) |
| 5:07 | Build | House |
| 5:27 | Build | Palisade Gate |
| 5:39 | Create | Villager (Male) |
| 5:40 | Create | Villager (Male) |
| 5:42 | Build | House |
| 5:49 | Build | Lumber Camp |
| 6:31 | Create | Villager (Male) |
| 6:46 | Build | House |
| 7:02 | Create | Villager (Male) |
| 7:02 | Create | Villager (Male) |
| 7:14 | Build | House |
| 7:40 | Create | Villager (Male) |
| 7:40 | Create | Villager (Male) |
| 8:10 | Create | Villager (Male) |
| 8:16 | Build | House |
| 8:36 | Build | House |
| 8:50 | Create | Villager (Male) |
| 8:50 | Create | Villager (Male) |
| 8:50 | Create | Villager (Male) |
| 8:56 | Build | House |
| 9:06 | Build | House |
| 9:16 | Build | House |
| 9:19 | Build | House |
| 9:25 | Create | Villager (Male) |
| 9:30 | Build | House |
| 9:47 | Build | House |
| 9:57 | Create | Villager (Male) |
| 9:59 | Create | Villager (Male) |
| 10:02 | Build | House |
| 10:29 | Create | Villager (Male) |
| 10:33 | Create | Villager (Male) |
| 10:33 | Create | Villager (Male) |
| 10:34 | Create | Villager (Male) |
| 10:34 | Create | Villager (Male) |
| 10:39 | Build | House |
| 10:52 | Build | House |
| 11:05 | Build | Mill |
| 11:08 | Build | House |
| 11:15 | Create | Villager (Male) |
| 11:34 | Create | Villager (Male) |
| 11:34 | Create | Villager (Male) |
| 11:49 | Create | Villager (Male) |
| 12:10 | Build | Palisade Wall |
| 12:12 | Build | Palisade Wall |
| 12:17 | Build | Mining Camp |
| 12:21 | Build | Palisade Wall |
| 12:22 | Build | Palisade Wall |
| 12:37 | Research | Feudal Age |
| 12:38 | Research | Feudal Age |
| 13:05 | Build | Mining Camp |
| 13:29 | Build | House |
| 14:23 | Build | Barracks |
| 14:25 | Create | Villager (Male) |
| 14:26 | Create | Villager (Male) |
| 14:53 | Age | Feudal Age |
| 15:01 | Build | Watch Tower |
| 15:25 | Create | Villager (Male) |
| 15:55 | Build | Watch Tower |
| 15:59 | Create | Villager (Male) |
| 15:59 | Create | Villager (Male) |
| 16:09 | Create | Villager (Male) |
| 16:25 | Build | Market |
| 16:29 | Build | Blacksmith |
| 17:29 | Research | Castle Age |
| 17:58 | Build | Farm |
| 17:59 | Build | Farm |
| 18:01 | Build | Farm |
| 18:03 | Build | Farm |
| 18:18 | Build | Farm |
| 18:20 | Build | Farm |
| 18:37 | Build | House |
| 18:40 | Build | House |
| 18:54 | Create | Eagle Scout |
| 18:54 | Create | Eagle Scout |
| 19:35 | Create | Villager (Male) |
| 19:36 | Create | Villager (Male) |
| 19:36 | Create | Villager (Male) |
| 19:36 | Create | Villager (Male) |
| 20:09 | Age | Castle Age |
| 20:44 | Create | Villager (Male) |
| 20:45 | Create | Villager (Male) |
| 21:28 | Research | Fletching |
| 21:28 | Create | Villager (Male) |
| 22:05 | Create | Villager (Male) |
| 22:22 | Build | Castle |
| 22:43 | Create | Villager (Male) |
| 22:59 | Build | Farm |
| 23:01 | Build | Farm |
| 23:01 | Build | Farm |
| 23:23 | Build | Mining Camp |
| 23:30 | Build | Siege Workshop |
| 23:31 | Create | Plumed Archer |
| 23:34 | Create | Villager (Male) |
| 23:52 | Create | Villager (Male) |
| 24:07 | Create | Plumed Archer |
| 24:07 | Create | Plumed Archer |
| 24:37 | Create | Villager (Male) |
| 25:06 | Create | Battering Ram |
| 25:11 | Create | Villager (Male) |
| 25:39 | Create | Plumed Archer |
| 25:39 | Create | Plumed Archer |
| 25:44 | Create | Villager (Male) |
| 25:56 | Create | Battering Ram |
| 25:59 | Create | Plumed Archer |
| 25:59 | Create | Plumed Archer |
| 26:02 | Create | Plumed Archer |
| 26:14 | Create | Villager (Male) |
| 26:47 | Create | Plumed Archer |
| 26:48 | Create | Plumed Archer |
| 26:48 | Create | Plumed Archer |
| 26:50 | Create | Villager (Male) |
| 26:51 | Create | Villager (Male) |
| 27:34 | Build | Stone Wall |
| 27:38 | Build | Stone Wall |
| 27:48 | Create | Villager (Male) |
| 27:55 | Build | Stone Wall |
| 28:11 | Build | Farm |
| 28:11 | Build | Farm |
| 28:12 | Create | Villager (Male) |
| 28:21 | Build | Gate |
| 28:43 | Create | Villager (Male) |
| 28:45 | Create | Plumed Archer ×4 |
| 28:59 | Create | Villager (Male) |
| 28:59 | Create | Villager (Male) |
| 29:11 | Create | Villager (Male) |
| 30:29 | Create | Villager (Male) |
| 30:40 | Create | Villager (Male) |
| 30:45 | Create | Plumed Archer |
| 30:45 | Create | Plumed Archer |
| 31:02 | Build | Town Center |
| 31:05 | Create | Villager (Male) |
| 31:31 | Build | University |
| 31:34 | Create | Villager (Male) |
| 31:34 | Create | Villager (Male) |
| 31:40 | Build | Farm |
| 31:47 | Create | Villager (Male) |
| 32:02 | Build | House |
Build order — WagneR_JR
First 150 of 197 actions detected
| 0:11 | Build | Town Center |
| 2:24 | Create | Villager (Male) ×4 |
| 2:25 | Create | Villager (Male) ×4 |
| 2:25 | Create | Villager (Male) ×4 |
| 2:26 | Create | Villager (Male) ×4 |
| 2:41 | Build | House |
| 2:48 | Research | Loom |
| 2:49 | Create | Villager (Male) ×2 |
| 2:49 | Create | Villager (Male) ×2 |
| 3:33 | Create | Villager (Male) |
| 3:34 | Create | Villager (Male) |
| 4:15 | Build | House |
| 4:23 | Create | Villager (Male) |
| 4:23 | Create | Villager (Male) |
| 4:41 | Create | Villager (Male) |
| 4:41 | Create | Villager (Male) |
| 4:50 | Build | House |
| 5:05 | Create | Villager (Male) |
| 6:10 | Create | Villager (Male) ×3 |
| 6:11 | Create | Villager (Male) ×3 |
| 6:31 | Build | Lumber Camp |
| 6:35 | Create | Villager (Male) |
| 6:35 | Create | Villager (Male) |
| 6:53 | Build | House |
| 7:35 | Create | Villager (Male) |
| 7:35 | Create | Villager (Male) |
| 8:38 | Create | Villager (Male) |
| 8:38 | Create | Villager (Male) |
| 8:43 | Build | House |
| 8:56 | Build | House |
| 9:11 | Build | House |
| 9:19 | Build | Mill |
| 9:36 | Build | House |
| 9:49 | Create | Villager (Male) |
| 9:52 | Build | House |
| 10:08 | Build | House |
| 10:32 | Research | Feudal Age |
| 11:06 | Build | House |
| 12:14 | Build | Barracks |
| 12:32 | Create | Villager (Male) |
| 12:32 | Create | Villager (Male) |
| 12:42 | Age | Feudal Age |
| 13:00 | Build | Stable |
| 13:11 | Create | Villager (Male) |
| 13:47 | Build | Mining Camp |
| 13:48 | Create | Villager (Male) |
| 13:51 | Create | Scout Cavalry ×5 |
| 14:14 | Create | Villager (Male) |
| 14:50 | Create | Spearman |
| 14:52 | Create | Villager (Male) |
| 15:07 | Build | House |
| 15:09 | Build | House |
| 15:11 | Build | House |
| 15:14 | Build | Palisade Wall |
| 15:20 | Create | Villager (Male) |
| 15:20 | Create | Villager (Male) |
| 15:24 | Create | Spearman |
| 15:51 | Build | Palisade Wall |
| 15:54 | Build | Palisade Wall |
| 16:35 | Create | Villager (Male) |
| 16:37 | Build | Farm |
| 16:38 | Build | Farm |
| 16:51 | Build | Farm |
| 16:52 | Build | Farm |
| 16:52 | Build | Farm |
| 16:52 | Build | Farm |
| 16:52 | Build | Farm |
| 16:53 | Build | Farm |
| 17:03 | Create | Villager (Male) |
| 17:23 | Create | Villager (Male) |
| 17:25 | Create | Spearman |
| 17:25 | Create | Spearman |
| 17:43 | Create | Villager (Male) |
| 18:01 | Create | Spearman |
| 18:06 | Build | Farm |
| 18:07 | Build | Farm |
| 18:07 | Build | Farm |
| 18:07 | Build | Farm |
| 18:29 | Create | Villager (Male) |
| 18:31 | Create | Spearman |
| 18:50 | Create | Villager (Male) |
| 18:53 | Build | Farm |
| 18:56 | Create | Spearman |
| 19:21 | Create | Villager (Male) |
| 19:23 | Build | Farm |
| 19:24 | Build | Farm |
| 19:29 | Build | Farm |
| 19:41 | Build | Palisade Wall |
| 19:56 | Create | Villager (Male) |
| 20:22 | Create | Villager (Male) |
| 20:34 | Build | Lumber Camp |
| 20:49 | Create | Villager (Male) |
| 20:59 | Build | Market |
| 21:08 | Create | Spearman |
| 21:11 | Create | Villager (Male) |
| 21:17 | Create | Villager (Male) |
| 21:31 | Create | Villager (Male) |
| 21:40 | Build | Lumber Camp |
| 22:14 | Create | Villager (Male) |
| 23:10 | Research | Castle Age |
| 23:37 | Build | Mining Camp |
| 23:45 | Build | House |
| 23:47 | Build | Palisade Wall |
| 23:49 | Build | Palisade Wall |
| 23:54 | Build | Palisade Gate |
| 25:27 | Create | Villager (Male) |
| 25:48 | Build | House |
| 25:50 | Age | Castle Age |
| 25:52 | Build | House |
| 25:55 | Build | Palisade Wall |
| 26:43 | Build | Town Center |
| 27:17 | Create | Villager (Male) |
| 27:33 | Research | Horse Collar |
| 27:37 | Research | Double-Bit Axe |
| 27:47 | Research | Wheelbarrow |
| 27:48 | Create | Villager (Male) ×2 |
| 27:55 | Build | Farm |
| 27:56 | Build | Farm |
| 28:28 | Create | Villager (Male) |
| 28:30 | Create | Villager (Male) |
| 29:08 | Build | Farm |
| 29:11 | Create | Villager (Male) |
| 29:12 | Create | Villager (Male) |
| 29:14 | Build | Farm |
| 29:18 | Build | Farm |
| 29:35 | Create | Villager (Male) |
| 29:35 | Create | Villager (Male) |
| 29:42 | Build | House |
| 29:44 | Build | House |
| 29:58 | Build | Mill |
| 29:59 | Build | Farm |
| 29:59 | Build | Farm |
| 29:59 | Build | Farm |
| 30:00 | Build | Farm |
| 30:00 | Build | Farm |
| 30:00 | Build | Farm |
| 30:13 | Build | Lumber Camp |
| 30:53 | Build | Mining Camp |
| 31:04 | Create | Villager (Male) |
| 31:04 | Create | Villager (Male) |
| 31:46 | Build | Town Center |
| 31:54 | Create | Villager (Male) |
| 32:14 | Create | Villager (Male) |
| 32:14 | Create | Villager (Male) |
| 32:18 | Build | Farm |
| 32:18 | Build | Farm |
| 32:18 | Build | Farm |
| 32:19 | Build | Farm |
| 32:19 | Build | Farm |
| 32:19 | Build | Farm |
Match timeline
| 2:04 | SSx_Sinistro · wall_segment Palisade Wall x1 |
| 3:27 | Fs.Sirius · wall_segment Palisade Wall x1 |
| 3:28 | Fs.Sirius · wall_segment Palisade Wall x1 |
| 3:29 | Fs.Sirius · wall_segment Palisade Wall x1 |
| 3:31 | Fs.Sirius · wall_segment Palisade Wall x1 |
| 3:32 | Fs.Sirius · wall_segment Palisade Wall x1 |
| 8:38 | Fs.Sirius · wall_segment Palisade Wall x1 |
| 9:06 | SS_Guxta · first_building Barracks |
| 9:53 | Fs.Sirius · first_building Dock |
| 10:13 | SS_T3q · first_building Barracks |
| 10:28 | Gomes · wall_segment Palisade Wall x1 |
| 10:29 | Gomes · wall_segment Palisade Wall x1 |
| 10:41 | Gomes · wall_segment Palisade Wall x3 |
| 10:44 | Gomes · wall_segment Palisade Wall x4 |
| 11:04 | SSx_Sinistro · wall_segment Palisade Wall x1 |
| 11:06 | SSx_Sinistro · wall_segment Palisade Wall x1 |
| 11:08 | SSx_Sinistro · wall_segment Palisade Wall x1 |
| 11:20 | Gomes · first_building Barracks |
| 11:22 | Shelby Lane · first_building Barracks |
| 11:24 | SSx_Sinistro · wall_segment Palisade Wall x4 |
| 11:27 | SSx_Sinistro · wall_segment Palisade Wall x1 |
| 11:31 | SSx_Sinistro · wall_segment Palisade Wall x7 |
| 11:47 | SS_T3q · age_up feudal |
| 11:49 | SS_T3q · first_building Stable |
| 12:01 | SSx_Sinistro · age_up feudal |
| 12:10 | Petry · wall_segment Palisade Wall x1 |
| 12:10 | SS_Guxta · age_up feudal |
| 12:11 | SSx_Sinistro · first_building Barracks |
| 12:12 | Petry · wall_segment Palisade Wall x1 |
| 12:13 | SS_Guxta · first_building Archery Range |
| 12:14 | WagneR_JR · first_building Barracks |
| 12:21 | Gomes · age_up feudal |
| 12:21 | Petry · wall_segment Palisade Wall x1 |
| 12:22 | Petry · wall_segment Palisade Wall x1 |
| 12:24 | Gomes · first_building Archery Range |
| 12:42 | WagneR_JR · age_up feudal |
| 12:59 | SS_Guxta · wall_segment Palisade Wall x1 |
| 13:00 | WagneR_JR · first_building Stable |
| 13:04 | SS_Guxta · wall_segment Palisade Wall x8 |
| 13:09 | SSx_Sinistro · first_building Stable |
| 13:54 | Fs.Sirius · age_up feudal |
| 14:23 | Petry · first_building Barracks |
| 14:23 | Shelby Lane · age_up feudal |
| 14:53 | Fs.Sirius · wall_segment Palisade Wall x1 |
| 14:53 | Petry · age_up feudal |
| 14:58 | Shelby Lane · first_building Stable |
| 15:14 | WagneR_JR · wall_segment Palisade Wall x1 |
| 15:22 | Fs.Sirius · wall_segment Palisade Wall x1 |
| 15:51 | WagneR_JR · wall_segment Palisade Wall x1 |
| 15:54 | WagneR_JR · wall_segment Palisade Wall x1 |
| 15:56 | SS_T3q · wall_segment Palisade Wall x1 |
| 16:05 | Fs.Sirius · wall_segment Palisade Wall x1 |
| 16:07 | Shelby Lane · first_building Archery Range |
| 18:21 | Fs.Sirius · first_market_buy 100 food |
| 19:31 | Shelby Lane · age_up castle |
| 19:41 | WagneR_JR · wall_segment Palisade Wall x9 |
| 19:44 | SS_Guxta · wall_segment Palisade Wall x1 |
| 19:48 | SS_Guxta · wall_segment Palisade Wall x1 |
| 20:09 | Petry · age_up castle |
| 20:51 | Fs.Sirius · wall_segment Palisade Wall x1 |
| 21:09 | SS_Guxta · first_market_sell 100 wood |
| 21:35 | Fs.Sirius · age_up castle |
| 21:59 | Fs.Sirius · wall_segment Palisade Wall x1 |
| 22:00 | Fs.Sirius · wall_segment Palisade Wall x1 |
| 22:07 | Petry · first_market_buy 100 stone |
| 22:13 | Fs.Sirius · wall_segment Palisade Wall x1 |
| 22:14 | Fs.Sirius · wall_segment Palisade Wall x1 |
| 22:22 | Petry · first_building Castle |
| 22:32 | Shelby Lane · first_market_buy 100 stone |
| 22:44 | Fs.Sirius · first_building Barracks |
| 22:51 | WagneR_JR · first_market_buy 500 food |
| 22:54 | SSx_Sinistro · first_market_sell 100 wood |
| 22:54 | WagneR_JR · first_market_sell 500 wood |
| 22:56 | SSx_Sinistro · first_market_buy 100 food |
| 23:12 | Shelby Lane · first_building Siege Workshop |
| 23:21 | Gomes · wall_segment Palisade Wall x1 |
| 23:23 | Gomes · wall_segment Palisade Wall x1 |
| 23:30 | Petry · first_building Siege Workshop |
| 23:44 | SS_T3q · age_up castle |
| 23:47 | WagneR_JR · wall_segment Palisade Wall x1 |
| 23:49 | WagneR_JR · wall_segment Palisade Wall x1 |
| 23:53 | Fs.Sirius · first_building Archery Range |
| 23:54 | Gomes · wall_segment Palisade Wall x1 |
| 24:02 | Gomes · wall_segment Palisade Wall x1 |
| 24:10 | Gomes · first_market_buy 100 food |
| 24:27 | Fs.Sirius · wall_segment Palisade Wall x1 |
| 24:35 | Fs.Sirius · wall_segment Palisade Wall x1 |
| 24:36 | SS_T3q · first_building Monastery |
| 24:42 | Gomes · first_market_sell 100 wood |
| 25:11 | SS_Guxta · wall_segment Palisade Wall x1 |
| 25:31 | SS_Guxta · first_building Stable |
| 25:50 | WagneR_JR · age_up castle |
| 25:55 | WagneR_JR · wall_segment Palisade Wall x1 |
| 26:00 | SSx_Sinistro · age_up castle |
| 26:33 | SSx_Sinistro · first_building Siege Workshop |
| 27:12 | SS_Guxta · age_up castle |
| 27:34 | Petry · wall_segment Stone Wall x7 |
| 27:38 | Petry · wall_segment Stone Wall x10 |
| 27:43 | Gomes · age_up castle |
| 27:55 | Petry · wall_segment Stone Wall x1 |
| 28:24 | SS_Guxta · first_market_buy 100 wood |
| 30:03 | Gomes · first_building Castle |
| 30:37 | Fs.Sirius · first_market_sell 100 wood |
| 31:38 | Gomes · first_building Siege Workshop |
| 32:00 | SSx_Sinistro · first_building Castle |
| 32:06 | Petry · wall_segment Stone Wall x3 |
| 32:40 | Fs.Sirius · first_building Siege Workshop |
| 33:03 | SS_Guxta · first_building Siege Workshop |
| 33:40 | SS_Guxta · first_building Monastery |
| 33:46 | WagneR_JR · wall_segment Palisade Wall x1 |
| 35:41 | Fs.Sirius · wall_segment Palisade Wall x1 |
| 35:42 | Fs.Sirius · wall_segment Palisade Wall x1 |
| 36:24 | Fs.Sirius · first_building Stable |
| 36:37 | Shelby Lane · resign |
[ AI ANALYSIS · 1 CREDIT ]
What really happened in this match?
Wolo.gg analyzes every decision: build order, eco, micro, common mistakes by bracket. Personalized analysis on WhatsApp or Discord in 30 seconds.
Civ guide
Romans
Perfil
Jugador #298420